 Dungeon Crawl Stone Soup version 0.26-a0-771-g060e6a62af (webtiles) character file.

Game seed: 8504097974933959745

146 Morbidden the Magician (level 5, 0/37 HPs)
             Began as a Demonspawn Fire Elementalist on Nov 8, 2020.
             Slain by an orc
             ... wielding a +0 flail
              (6 damage)
             ... on level 3 of the Dungeon.
             The game lasted 00:02:45 (4224 turns).

Morbidden the Magician (DsFE)                       Turns: 4224, Time: 00:02:45

Health: 0/37       AC:  2    Str:  8    XL:     5   Next: 7%
Magic:  3/10       EV: 12    Int: 18    God:
Gold:   29         SH:  0    Dex: 13    Spells: 7/11 levels left

rFire    . . .     SeeInvis .   o - +1 dagger (venom)
rCold    + . .     Faith    .   (no shield)
rNeg     . . .     Spirit   .   a - +0 robe
rPois    .         Reflect  .   (no helmet)
rElec    .         Harm     .   (no cloak)
rCorr    .         Rampage  .   (no gloves)
MR       .....                  (no boots)
Stlth    ++........             (no amulet)
HPRegen  0.12/turn              k - ring of wizardry
MPRegen  0.12/turn              (no ring)

@: drained
A: cold resistance 1, powered by death 1
a: no special abilities


You were on level 3 of the Dungeon.
You visited 1 branch of the dungeon, and saw 3 of its levels.

You collected 29 gold pieces.

Inventory:

Hand Weapons
 o - a +1 dagger of venom (weapon)
Armour
 a - a +0 robe (worn)
Jewellery
 k - a ring of wizardry (left hand)
Wands
 j - a wand of polymorph (12)
 l - a wand of flame (20)
Scrolls
 b - 6 scrolls of identify {unknown}
 d - 2 scrolls of random uselessness {unknown}
 i - 2 scrolls of remove curse {unknown}
Potions
 c - a potion of invisibility {unknown}
 e - 2 potions of heal wounds {unknown}
 f - a potion of might {unknown}
 g - 4 potions of mutation {unknown}
 h - a potion of brilliance {unknown}
 m - a potion of lignification {unknown}
 n - a potion of attraction {unknown}
 p - a potion of flight {unknown}


   Skills:
 * Level 1.0(0.4) Fighting
 + Level 1.9(1.3) Dodging
 + Level 2.0(1.4) Stealth
 * Level 3.8(3.3) Spellcasting
 + Level 1.3(0.8) Conjurations
 + Level 3.5(2.9) Fire Magic


You had 7 spell levels left.
You knew the following spells:

 Your Spells              Type           Power        Failure   Level
a - Foxfire               Conj/Fire      #...         3%          1
b - Inner Flame           Hex/Fire       #.......     11%         3

Your spell library contained the following spells:

 Spells                   Type           Power        Failure   Level
 Conjure Flame            Conj/Fire      #.......     9%          3
 Sticky Flame             Conj/Fire      #.......     28%         4
 Fireball                 Conj/Fire      #.........   58%         5


Dungeon Overview and Level Annotations

Branches:
Dungeon (3/15)

Altars:
Ashenzari


Innate Abilities, Weirdness & Mutations

Your flesh is cold resistant. (rC+)
You regenerate a little health from kills.


Message History

The orc closely misses you.
Casting: Foxfire (safe; 2% risk of failure)
Confirm with . or Enter, or press ? or * to list all spells.
You conjure some foxfire!
The orc hits you. The orc hits you with a +0 flail! The orc closely misses you.
The foxfire hits the orc.
The orc is almost dead.
The foxfire hits the orc.
The orc is severely wounded.
The orc completely misses you.
The orc hits you with a +1 dagger of draining!
* * * LOW HITPOINT WARNING * * *
You feel drained.
Your magical contamination has completely faded away.
Casting: Foxfire (safe; 3% risk of failure)
Confirm with . or Enter, or press ? or * to list all spells.
You conjure some foxfire!
The orc barely misses you.
The foxfire hits the orc.
The orc is moderately wounded.
The orc hits you with a +0 flail.
You die...

#.#.##..## ##.#
#.#.####.## ##.## #.#.#
##.###.##
....######.#...########
...###.......#.<.......
#..............#######.
#..†##.#..###.######
......#.....#..v.o.#
......#.....#..§@o.#
......##...##...oo......
...)...#...#......####..
.......##.##......#
.###....#.#....####
...###.#####.### ##
.....###...###.. ...
.......#._.#.... ...
#....###...## #.#


You could see 4 orcs.

Vanquished Creatures
  Terence (D:2)
  5 adders
  A worm (D:2)
  3 dart slugs
  3 leopard geckos
  4 orcs (D:3)
  3 giant cockroaches
  3 hobgoblins
  6 jackals
  2 ball pythons
  8 bats
  3 frilled lizards
  3 goblins
  10 kobolds
  7 rats
62 creatures vanquished.

Vanquished Creatures (others)
  289 foxfires
289 creatures vanquished.

Grand Total: 351 creatures vanquished

Notes
Turn   | Place    | Note
-------+----------+-------------------------------------------
     0 | D:1      | Morbidden the Demonspawn Fire Elementalist began the quest
                  | for the Orb.
     0 | D:1      | Reached XP level 1. HP: 13/13 MP: 3/3
   461 | D:1      | Gained mutation: Your flesh is cold resistant. (rC+)
                  | [demonic ancestry]
   461 | D:1      | Reached XP level 2. HP: 19/19 MP: 3/5
  1772 | D:2      | Reached XP level 3. HP: 24/24 MP: 2/6
  2409 | D:2      | Noticed Terence
  2425 | D:2      | Killed Terence
  2425 | D:2      | Reached XP level 4. HP: 5/30 MP: 0/9
  3702 | D:3      | Found a broken altar of Ashenzari.
  3829 | D:3      | Learned a level 3 spell: Inner Flame
  4063 | D:3      | Gained mutation: You regenerate a little health from kills.
                  | [demonic ancestry]
  4063 | D:3      | Reached XP level 5. HP: 36/36 MP: 8/10
  4201 | D:3      | Reached skill level 1 in Fighting
  4224 | D:3      | Slain by an orc

Illustrated notes

Levels and vault maps discovered:
D:1:      dpeg_arrival_subterranean_lakeside_camping, layout_loops_corners
D:2:      layout_basic, amethyst_killhole, uniq_terence
D:3:      layout_loops_ring, minitemple, nicolae_ashenzari_panopticon

Skill      XL: |  1  2  3  4  5 |
---------------+----------------+-----
Fire Magic     | 3 |  3.5
Spellcasting   | 3 |  3.8
Stealth        | 2 |  2.0
Fighting       | 1 |  1.0
Dodging        | |  1.9
Conjurations   | |  1.3

Action                   |  1- 3 |  4- 6 || total
-------------------------+-------+-------++-------
Melee: Unarmed           |    20 |     1 ||    21
       Dagger            |       |     9 ||     9
 Cast: Foxfire           |   116 |    61 ||   177
       Inner Flame       |       |     2 ||     2
Armor: Robe              |     3 |     2 ||     5
Dodge: Dodged            |    34 |    27 ||    61

Table legend: (Time is in decaauts)
 A = Elapsed time spent in this place.
 B = Non-inter-level travel time spent in this place.
 C = Inter-level travel time spent in this place.
 D = Time resting spent in this place.
 E = Time spent auto-exploring this place.
 F = Levels seen in this place.
 G = Mean time per level.
                   A        B        C        D        E       F      G
               +--------+--------+--------+--------+--------+-----+--------+
         Total |   4223 |   4158 |     65 |    234 |   3429 |   3 | 1407.7 |
       Dungeon |   4223 |   4158 |     65 |    234 |   3429 |   3 | 1407.7 |
               +--------+--------+--------+--------+--------+-----+--------+

Top non-repeatable levels by time:
     D:2: 1668 daAuts
     D:1: 1591 daAuts
     D:3: 964 daAuts
